 Dungeon Crawl Stone Soup version 0.29-a0-380-gf50f0a9fbc (webtiles) character file.

Game seed: 7247770637096019909

765 holysushi the Insei (level 7, 0/47 HPs)
             Began as an Octopode Transmuter on May 6, 2022.
             Was a Plaything of Xom.
             Slain by a quasit (2 damage)
             ... summoned by Eustachio
             ... on level 5 of the Dungeon.
             The game lasted 00:15:45 (6756 turns).

holysushi the Insei (Octopode Transmuter)           Turns: 6756, Time: 00:15:45

Health: 0/47       AC:  1    Str:  8 (10) XL:     7   Next: 81%
Magic:  8/8        EV: 14    Int: 13      God:    Xom [...*..]
Gold:   398        SH:  0    Dex: 13 (14) Spells: 4/10 levels left

rFire   . . .      SeeInvis .     - Unarmed
rCold   . . .      Faith    .   (no shield)
rNeg    . . .      Spirit   .   (helmet restricted)
rPois   .          Reflect  .   (no amulet)
rElec   .          Harm     .   (no ring)
rCorr   .          Rampage  .   (no ring)
Will    +....                   (no ring)
Stlth   +++.......              (no ring)
HPRegen 0.15/turn               (no ring)
MPRegen 0.11/turn               (no ring)
                                (no ring)
                                (no ring)

@: attractive, hasted, very quick
A: almost no armour, amphibious, 8 rings, camouflage 1, gelatinous body 1,
(nimble swimmer 1), tentacles, tentacle spike 1, dopey 1, low MP 2,
strong-willed 1, screaming 1
a: Renounce Religion


You were on level 5 of the Dungeon.
You worshipped Xom.
You were a favourite toy of Xom.
You visited 1 branch of the dungeon, and saw 5 of its levels.

You collected 398 gold pieces.

Inventory:

Wands
 i - a wand of flame (1)
Scrolls
 b - a scroll of silence
 c - a scroll of teleportation
 d - 2 scrolls of identify
 k - 3 scrolls of noise
 l - a scroll of enchant armour {unknown}
 m - a scroll of brand weapon {unknown}
 n - a scroll of blinking {unknown}
 o - a scroll of fear {unknown}
 p - a scroll of enchant weapon {unknown}
Potions
 a - 2 potions of lignification
 e - 3 potions of haste
 q - a potion of brilliance


   Skills:
 + Level 3.8 Fighting
 + Level 3.5 Dodging
 - Level 2.2 Stealth
 * Level 6.4 Unarmed Combat
 - Level 2.0 Spellcasting
 - Level 2.4 Transmutations
 - Level 3.0 Poison Magic


You had 4 spell levels left.
You knew the following spells:

 Your Spells              Type           Power      Damage    Failure   Level
a - Beastly Appendage     Tmut           14%        N/A       10%         1
b - Wereblood             Tmut           7%         N/A       14%         2
c - Spider Form           Tmut/Pois      8%         N/A       26%         3

Your spell library contained the following spells:

 Spells                   Type           Power      Damage    Failure   Level
 Poisonous Vapours        Pois/Air       10%        N/A       21%         2
 Passwall                 Tmut/Erth      3%         N/A       24%         2
 Foxfire                  Conj/Fire      4%         2x1d4     26%         1
 Sandblast                Erth           2%         2d4       26%         1
 Corpse Rot               Necr/Air       2%         N/A       36%         2
 Conjure Flame            Conj/Fire      1%         6-21      58%         3
 Inner Flame              Hex/Fire       1%         N/A       58%         3
 Stone Arrow              Conj/Erth      2%         3d7       58%         3
 Ice Form                 Ice/Tmut       4%         N/A       83%         4
 Flame Wave               Conj/Fire      1%         2d4       94%         4
 Hailstorm                Conj/Ice       1%         3d3       94%         4
 Simulacrum               Ice/Necr       0%         N/A       100%        6


Dungeon Overview and Level Annotations

Branches:
Dungeon (5/15)
 Temple: D:4-7

Altars:
Cheibriados
Gozag
Okawaru
Uskayaw
Xom
The Shining One

Annotations:
D:5 Eustachio


Innate Abilities, Weirdness & Mutations

You cannot wear most types of armour.
You are amphibious.
You can wear up to eight rings at the same time.
Your skin changes colour to match your surroundings (Stealth+).
Your rubbery body absorbs attacks. (AC +1, EV +1)
((You are camouflaged when in or above water. (Stealth+)))
You have tentacles for arms and can constrict up to eight enemies at once.
One of your tentacles bears a spike.
You are dopey. (Int -2)
Your magical capacity is very low. (-20% MP)
You are strong-willed. (Will+)
You occasionally shout uncontrollably at your foes.


Message History

The bat attacks as you move away! The bat hits you.
* * * LOW HITPOINT WARNING * * *
The bat hits you.
* * * LOW HITPOINT WARNING * * *
It was a potion of haste.
You feel yourself speed up.
It was a potion of mutation.
You feel extremely strange.
You feel clever.
You feel healthier.
You feel strong-willed.
You feel less energetic. x2
One of your lower tentacles grows a sharp spike.
The bat hits you.
* * * LOW HITPOINT WARNING * * *
It was a potion of attraction.
You feel attractive to monsters.
Xom thinks this is hilarious!
The bat barely misses you. The bat is attracted toward you.
The orc warrior is attracted toward you.
Eustachio is attracted toward you. The river rat is attracted toward you.
The iron imp is attracted toward you.
The orc warrior is attracted toward you.
As you read the scroll labelled RUMIJA ZAYLINE, it crumbles to dust.
It is a scroll of identify.
k - 3 scrolls of noise The bat closely misses you.
The river rat closely misses you. The iron imp is attracted toward you.
Unknown command.
As you read the scroll labelled YCAONE LOIM, it crumbles to dust.
You feel aware of your surroundings.
You sensed 1 altar.
It was a scroll of magic mapping.
The orc warrior misses you.
The iron imp shouts, "Kneel, thou paunchy weevil-witted tiddler!"
As you read the scroll labelled VUQUWNIO DITEK, it crumbles to dust.
It is a scroll of amnesia.
Really abort (and waste the scroll)? [Y]es or [N]o only, please.
Really abort (and waste the scroll)?
Okay, then.
The bat completely misses you.
The quasit bites you but does no damage.
The quasit claws you.
You die...
Xom thinks this is hilarious!

,,,,,,######,,,#........##......#
****,,,,,............>..#########
,,,*,,,,,......_.#.......#
,,,*,,,,,........#.......#
,,,*,,,,,......#.#.......#
**,*,,,,,,,......#'#######
*****+******#............#
,,,,,,,,,,,,#............#
,,***,,,,,,,#..b@5@......##****
*,,,*,,,,,,,#..oor..§......,,,*
*,,,*,,,,,,,#....5≈)§§.....**,**
*,,,****,,,,#...§≈≈≈≈≈.....,,,,*
*,+**,⌠*,,,,#....≈≈.≈≈.....,,,,*
,,,,,,,*,,,,#....§≈≈≈≈....#**,,*
,,,,,,*****,######≈≈≈.....#,*,,*
,,,,,,*,,,*,*,,,,.#_#.....#**,,*
,,_,,,+,,,,,*,,,..###.=....,,,,*


You could see Eustachio, 2 orc warriors, an iron imp (summoned), a quasit
(summoned), a river rat (summoned) and a bat (summoned).

Vanquished Creatures
  Edmund (D:4)
  An orc warrior (D:5)
  An ice beast (D:4)
  A howler monkey (D:4)
  A hound (D:4)
  Natasha (thrice) (D:4)
  Terence (D:2)
  4 orc wizards
  A gnoll (D:1)
  5 adders (D:2)
  A shadow imp (D:4)
  2 worms
  3 dart slugs
  8 orcs
  2 ball pythons
  9 endoplasms
  A giant cockroach (D:1)
  10 hobgoblins
  18 jackals
  8 kobolds
  3 quokkas
  7 bats
  A frilled lizard (D:3)
  10 goblins
  23 rats
125 creatures vanquished.

Notes
Turn   | Place    | Note
-------+----------+-------------------------------------------
     0 | D:1      | holysushi the Octopode Transmuter began the quest for the
                  | Orb.
     0 | D:1      | Reached XP level 1. HP: 13/13 MP: 3/3
    70 | D:1      | Reached XP level 2. HP: 2/18 MP: 5/5
   469 | D:1      | Found a faded altar of an unknown god.
   491 | D:1      | Prayed at the altar of an unknown god.
   491 | D:1      | Became a worshipper of Xom of Chaos
   501 | D:1      | Learned a level 2 spell: Wereblood
   631 | D:1      | XOM: silly message
   831 | D:1      | Reached XP level 3. HP: 20/24 MP: 2/6
   876 | D:1      | XOM: silly message
  1153 | D:1      | XOM: silly message
  1263 | D:1      | Reached skill level 4 in Unarmed Combat
  1269 | D:1      | XOM: cloud trail
  1435 | D:1      | XOM: scenery: 1 doors close
  1504 | D:1      | Learned a level 3 spell: Spider Form
  1596 | D:2      | Reached XP level 4. HP: 29/29 MP: 5/7
  1870 | D:2      | Reached skill level 1 in Stealth
  2086 | D:2      | Reached skill level 1 in Poison Magic
  2382 | D:2      | XOM: divination: magic mapping
  2451 | D:2      | Noticed Terence
  2458 | D:2      | Killed Terence
  2459 | D:2      | Reached XP level 5. HP: 24/35 MP: 1/8
  2838 | D:2      | XOM: god gift: 42 gold pieces
  2989 | D:2      | XOM is BORED!
  2989 | D:2      | XOM: summons 3 hostile demons
  3027 | D:2      | XOM: 10-stop teleportation journey
  3035 | D:2      | XOM: god gift: 15 gold pieces
  3255 | D:2      | XOM: scenery: summon butterflies
  3464 | D:3      | XOM: 3-stop teleportation journey
  3997 | D:3      | Found a hide-covered altar of Uskayaw.
  3997 | D:3      | Found an iron altar of Okawaru.
  4664 | D:3      | XOM: potion effect (might)
  4891 | D:3      | Reached skill level 5 in Unarmed Combat
  4891 | D:3      | Reached XP level 6. HP: 41/41 MP: 9/9
  5029 | D:3      | XOM: give mutations
  5029 | D:3      | Gained mutation: You are dopey. (Int -2) [Xom's mischief]
  5029 | D:3      | Gained mutation: Your body sometimes deteriorates upon
                  | taking damage. [Xom's mischief]
  5029 | D:3      | Gained mutation: You are robust. (+10% HP) [Xom's mischief]
  5029 | D:3      | Gained mutation: You are very dopey. (Int -4) [Xom's
                  | mischief]
  5081 | D:3      | XOM: cloud trail
  5297 | D:4      | XOM: silly message
  5365 | D:4      | Noticed Edmund
  5407 | D:3      | XOM: silly message
  5623 | D:4      | XOM: enchant monster (good)
  5624 | D:4      | XOM: divination: detect items
  5629 | D:4      | XOM: repel stairs
  5641 | D:4      | Killed Edmund
  5642 | D:4      | Reached XP level 7. HP: 12/50 MP: 4/10
  5830 | D:3      | XOM: silly message
  5841 | D:3      | XOM: god gift: 57 gold pieces
  5966 | D:4      | XOM: 1-stop teleportation journey
  5974 | D:4      | Noticed Natasha
  5979 | D:4      | Killed Natasha
  6101 | D:4      | XOM: polymorph ufetubus -> shadow imp
  6170 | D:4      | XOM: cleaving
  6188 | D:4      | Reached skill level 6 in Unarmed Combat
  6221 | D:4      | Noticed Natasha
  6227 | D:4      | Killed Natasha
  6242 | D:4      | XOM: god gift: 28 gold pieces
  6402 | D:4      | Noticed Natasha
  6411 | D:4      | Killed Natasha
  6466 | D:4      | XOM: god gift: 7 gold pieces
  6509 | D:4      | Found an opulent altar of Gozag.
  6611 | D:4      | XOM: god gift: lajatang {god gift}
  6653 | D:5      | Entered Level 5 of the Dungeon
  6675 | D:5      | XOM is BORED!
  6675 | D:5      | XOM: give mutations
  6675 | D:5      | Lost mutation: You are robust. (+10% HP) [Xom's mischief]
  6675 | D:5      | Gained mutation: You occasionally shout uncontrollably at
                  | your foes. [Xom's mischief]
  6727 | D:5      | Found a snail-covered altar of Cheibriados.
  6728 | D:5      | Found a glowing golden altar of the Shining One.
  6733 | D:5      | Noticed Eustachio
  6750 | D:5      | HP: 2/47 [bat[Eustachio] (1)]
  6752 | D:5      | Lost mutation: You are very dopey. (Int -4) [potion of
                  | mutation]
  6752 | D:5      | Lost mutation: Your body sometimes deteriorates upon taking
                  | damage. [potion of mutation]
  6752 | D:5      | Gained mutation: You are strong-willed. (Will+) [potion of
                  | mutation]
  6752 | D:5      | Gained mutation: Your magical capacity is low. (-10% MP)
                  | [potion of mutation]
  6752 | D:5      | Gained mutation: Your magical capacity is very low. (-20%
                  | MP) [potion of mutation]
  6752 | D:5      | Gained mutation: One of your tentacles bears a spike.
                  | [potion of mutation]
  6756 | D:5      | Slain by a quasit

Illustrated notes

Levels and vault maps discovered:
D:1:      dpeg_arrival_solitude, layout_loops_corners,
          ebering_ecumenical_altar_ruins, st_stairs_11, minmay_pentomino_w2
D:2:      layout_basic, minmay_rat_hole, uniq_terence
D:3:      layout_loops_corners, gammafunk_temple_overflow_elements,
          serial_rivers, chequers_serial_rivers_large_b,
          chequers_serial_rivers_room_a, chequers_serial_rivers_micro_c,
          chequers_serial_rivers_large_a, amcnicky_mini_rare_corridor_liquid,
          minmay_misc_feat_tower
D:4:      layout_rooms, mainiacjoe_overflow_concentric_impassable,
          nicolae_underground_beach, uniq_natasha, uniq_edmund
D:5:      layout_gridville, evilmike_ruin_ashenzari,
          mainiacjoe_overflow_tiny_flanked, kennysheep_slug_shrine,
          sword_in_stone

Skill      XL: |  1  2  3  4  5  6  7 |
---------------+----------------------+-----
Unarmed Combat | 4 5 6 |  6.4
Fighting       | 2 3 |  3.8
Stealth        | 1 2 |  2.2
Poison Magic   | 1 2 3 |  3.0
Dodging        | 3 |  3.5
Spellcasting   | |  2.0
Transmutations | |  2.4

Action                   |  1- 3 |  4- 6 |  7- 9 || total
-------------------------+-------+-------+-------++-------
Melee: Unarmed           |    70 |   176 |    65 ||   311
       Constrict         |    18 |    36 |     8 ||    62
       Tentacles         |    11 |    26 |     9 ||    46
       Punch             |     6 |     7 |     1 ||    14
       Kick              |    14 |    20 |     2 ||    36
 Cast: Beastly Appendage |    13 |    21 |     1 ||    35
       Wereblood         |     2 |     2 |       ||     4
       Spider Form       |       |     5 |     6 ||    11
 Abil: End Transformatio |       |       |     1 ||     1
Evoke: Wand              |       |     2 |    10 ||    12
  Use: Potion            |       |     2 |     5 ||     7
       Scroll            |       |     2 |     3 ||     5
 Stab: Sleeping          |     5 |    10 |       ||    15
       Petrifying        |       |     1 |       ||     1
Armor: Skin              |     2 |    16 |     6 ||    24
Dodge: Dodged            |    38 |   107 |    49 ||   194

Table legend: (Time is in decaauts)
 A = Elapsed time spent in this place.
 B = Non-inter-level travel time spent in this place.
 C = Inter-level travel time spent in this place.
 D = Time resting spent in this place.
 E = Time spent auto-exploring this place.
 F = Levels seen in this place.
 G = Mean time per level.
                   A        B        C        D        E       F      G
               +--------+--------+--------+--------+--------+-----+--------+
         Total |   6731 |   6660 |     71 |   2430 |   2727 |   5 | 1346.2 |
       Dungeon |   6731 |   6660 |     71 |   2430 |   2727 |   5 | 1346.2 |
               +--------+--------+--------+--------+--------+-----+--------+

Top non-repeatable levels by time:
     D:3: 2266 daAuts
     D:2: 1791 daAuts
     D:1: 1509 daAuts
     D:4: 1062 daAuts
     D:5: 101 daAuts
